 Dungeon Crawl Stone Soup version 0.27.1-34-g3ba077fa99 (webtiles) character file.

Game seed: 18292996222634996962

1732 JuniperTheExplorer the Ruffian (level 8, -1/57 (74) HPs)
             Began as a Troll Transmuter on Jan 5, 2022.
             Slain by a wight (10 damage)
             ... on level 5 of the Dungeon.
             The game lasted 00:38:47 (6243 turns).

JuniperTheExplorer the Ruffian (Troll Transmuter)   Turns: 6243, Time: 00:38:47

HP:   -1/57 (74)    AC: 13    Str: 19    XL:     8   Next: 76%
MP:   20/20         EV:  9    Int: 10    God:
Gold: 237           SH:  0    Dex: 11    Spells: 9/12 levels left

rFire    . . .     SeeInvis .     - Unarmed
rCold    . . .     Faith    .   (no shield)
rNeg     . . .     Spirit   .   j - quicksilver dragon scales
rPois    .         Reflect  .   c - +2 hat {Stlth+}
rElec    .         Harm     .   (no cloak)
rCorr    +         Rampage  .   (gloves unavailable)
Will     +....                  (boots unavailable)
Stlth    ++........             (no amulet)
HPRegen  1.19/turn              i - ring of magical power
MPRegen  0.17/turn              a - ring of resist corrosion

@: heavily drained
A: large, unfitting armour, claws 3, regeneration 1, shaggy fur 1, tough skin 1
a: no special abilities


You were on level 5 of the Dungeon.
You visited 1 branch of the dungeon, and saw 5 of its levels.

You collected 237 gold pieces.

Inventory:

Armour
 c - a +2 hat of stealth (worn)
 j - quicksilver dragon scales (worn)
Jewellery
 a - a ring of resist corrosion (right claw)
 i - a ring of magical power (left claw)
Scrolls
 e - 4 scrolls of teleportation
 g - a scroll of summoning
 k - 2 scrolls of identify
Potions
 b - 2 potions of curing {unknown}
 d - a potion of magic
 f - a potion of heal wounds
 h - a potion of berserk rage
 m - 2 potions of degeneration {unknown}


   Skills:
 + Level 2.5 Fighting
 + Level 0.2 Armour
 + Level 4.3 Dodging
 + Level 1.3 Stealth
 + Level 7.7 Unarmed Combat
 + Level 2.8 Spellcasting
 + Level 3.4 Transmutations


You had 9 spell levels left.
You knew the following spells:

 Your Spells              Type           Power      Damage    Failure   Level
a - Beastly Appendage     Tmut           16%        N/A       12%         1
b - Wereblood             Tmut           8%         N/A       19%         2

Your spell library contained the following spells:

 Spells                   Type           Power      Damage    Failure   Level
 Passwall                 Tmut/Erth      3%         N/A       36%         2
 Corona                   Hex            1%         N/A       45%         1
 Freeze                   Ice            4%         1d3       45%         1
 Ensorcelled Hibernation  Hex/Ice        2%         N/A       58%         2
 Spider Form              Tmut/Pois      2%         N/A       58%         3
 Frozen Ramparts          Ice            2%         1d2       83%         3
 Swiftness                Air            1%         N/A       83%         3
 Tukima's Dance           Hex            1%         N/A       83%         3
 Ice Form                 Ice/Tmut       4%         N/A       94%         4
 Hailstorm                Conj/Ice       1%         3d3       99%         4
 Invisibility             Hex            0%         N/A       100%        6


Dungeon Overview and Level Annotations

Branches:
Dungeon (5/15)             Temple (0/1) D:5

Altars:
Qazlal
Beogh

Shops:
D:2 ??=*


Innate Abilities, Weirdness & Mutations

You are too large for most types of armour.
You have claws for hands.
Your natural rate of healing is unusually fast.
You are covered in fur. (AC +1)
You have tough skin. (AC +1)


Message History

The wight barely misses you.
You closely miss the wight. The wight hits you with a +2 mace.
You feel drained.
The wight hits you with a +1 mace of protection.
You feel drained. The wight barely misses you.
You closely miss the wight. You claw the wight, but do no damage.
The wight barely misses you.
The wight hits you with a +1 mace of protection.
You feel drained. The wight hits you but does no damage.
You scratch the wight but do no damage. The wight hits you but does no damage.
The wight hits you with a +1 mace of protection!
The wight hits you but does no damage.
You barely miss the wight. The wight hits you with a +2 mace.
You feel drained.
The wight hits you with a +1 mace of protection.
You feel drained.
* * * LOW HITPOINT WARNING * * *
The wight completely misses you. The wight closely misses you.
You claw the wight!
The wight is heavily damaged.
The wight hits you with a +2 mace.
You barely miss the wight. The wight closely misses you.
The wight hits you with a +2 mace. The wight barely misses you.
You claw the wight!
The wight is almost destroyed.
The wight hits you with a +2 dagger.
* * * LOW HITPOINT WARNING * * *
You feel drained.
* * * LOW HITPOINT WARNING * * *
You closely miss the wight.
The wight is almost destroyed.
The wight hits you with a +1 mace of protection.
* * * LOW HITPOINT WARNING * * *
The wight hits you but does no damage.
You scratch the wight.
The wight is severely damaged.
The wight hits you with a +2 dagger.
* * * LOW HITPOINT WARNING * * *
The wight hits you with a +2 mace!
You die...

###### ###
.....# ..
##.....# #.
.......#
##.###......#
....#......
#.#.#.##.##
.#####.#z......#
......)z@..#...#
########z###.#.#
#######
#.....#.####
......#
#.##.......#
......#####
#.##....##.###
..........#
#.............
......###.#
###.#....#.###
......# #.#
#.....## #
......# #.#
###...##.#


You could see 3 wights.

Vanquished Creatures
  Pikel (D:4)
  The ghost of chibimon the Grasshopper, an amateur DrWr of Fedhas (D:3)
  Sigmund (D:2)
  A black bear (D:3)
  An ogre (D:4)
  Blork the orc (D:4)
  A kobold brigand (D:4)
  A scorpion (D:5)
  A water moccasin zombie (D:5)
  2 wights (D:5)
  2 jellies (D:5)
  4 orc priests (D:5)
  An iguana (D:4)
  2 orc wizards (D:5)
  A killer bee zombie (D:5)
  A hound skeleton (D:4)
  4 adders
  A worm (D:2)
  2 dart slugs
  10 orcs
  2 ball pythons (D:4)
  5 endoplasms
  4 giant cockroaches
  2 goblins
  6 hobgoblins
  A quokka (D:3)
  5 bats
  6 kobolds
  2 rats (D:2)
  37 bushes (D:3)
109 creatures vanquished.

Vanquished Creatures (others)
  21 plants (D:3)
21 creatures vanquished.

Grand Total: 130 creatures vanquished

Notes
Turn   | Place    | Note
-------+----------+-------------------------------------------
     0 | D:1      | JuniperTheExplorer the Troll Transmuter began the quest for
                  | the Orb.
     0 | D:1      | Reached XP level 1. HP: 18/18 MP: 1/1
   542 | D:1      | Found a faded altar of an unknown god.
   722 | D:1      | Reached XP level 2. HP: 24/26 MP: 0/2
  1309 | D:2      | Found Meing's General Store.
  1719 | D:2      | Found Cameim's Magic Scroll Boutique.
  1813 | D:2      | Found Higag's Jewellery Shoppe.
  1829 | D:2      | Noticed Sigmund
  1899 | D:2      | HP: 1/26 [something/magic dart (6)]
  1901 | D:2      | Killed Sigmund
  1902 | D:2      | Reached skill level 1 in Fighting
  1902 | D:2      | Reached skill level 4 in Unarmed Combat
  1902 | D:2      | Reached XP level 3. HP: 5/33 MP: 4/4
  1902 | D:2      | Reached XP level 4. HP: 6/41 MP: 5/5
  1902 | D:2      | Reached XP level 5. HP: 7/48 MP: 6/6
  2289 | D:2      | Found Jiruazxo's Magic Scroll Shoppe.
  2454 | D:3      | Found a runed translucent gate.
  2454 | D:3      | Found a runed translucent gate.
  3985 | D:3      | Noticed a black bear
  3994 | D:3      | Killed a black bear
  3995 | D:3      | Reached XP level 6. HP: 45/55 MP: 8/8
  4021 | D:3      | Noticed chibimon's ghost (amateur DrWr)
  4021 | D:3      | Identified the +8 spear of Contention {elec, *Rage +Rage
                  | rCorr Str+2}
  4022 | D:3      | Found a runed translucent gate.
  4175 | D:3      | Reached skill level 5 in Unarmed Combat
  4769 | D:3      | Identified a scroll of acquirement
  4775 | D:3      | Acquired a +2 hat of stealth
  4888 | D:3      | Killed chibimon's ghost
  4889 | D:3      | Reached XP level 7. HP: 30/62 MP: 9/9
  5035 | D:4      | Learned a level 2 spell: Wereblood
  5217 | D:4      | Noticed Blork the orc
  5270 | D:4      | Reached skill level 1 in Stealth
  5395 | D:4      | Noticed Pikel
  5405 | D:4      | Killed Pikel
  5406 | D:4      | Reached skill level 6 in Unarmed Combat
  5406 | D:4      | Reached XP level 8. HP: 40/72 MP: 10/10
  5606 | D:4      | Killed Blork the orc
  5687 | D:4      | Reached skill level 7 in Unarmed Combat
  5824 | D:5      | Entered Level 5 of the Dungeon
  5915 | D:5      | Found a stormy altar of Qazlal.
  6092 | D:5      | Found a staircase to the Ecumenical Temple.
  6243 | D:5      | Slain by a wight

Illustrated notes

Levels and vault maps discovered:
D:1:      dpeg_arrival_water_fire, layout_basic,
          shapermc_ecumenical_altar_notcrosses
D:2:      layout_basic, serial_shops, nicolae_shop_behind_doors,
          nicolae_shop_crystal, nicolae_shop_trees, nicolae_shop_stone,
          uniq_sigmund
D:3:      layout_loops_ring, biasface_ghost_orc_armoury, serial_forest,
          infiniplex_forest_clump_cross, infiniplex_forest_straight_4,
          infiniplex_forest_clump_medium, infiniplex_forest_clump_diagonal,
          infiniplex_forest_clump_medium, infiniplex_forest_straight_2,
          infiniplex_forest_corner_1
D:4:      layout_loops_cross, uniq_blork_the_orc, uniq_pikel
D:5:      layout_loops_cross, nicolae_qazlal_general_emergency,
          minmay_temple_entry_statues_pillars, nrook_loot_triangle

Skill      XL: |  1  2  3  4  5  6  7  8 |
---------------+-------------------------+-----
Fighting       | 1 2 |  2.5
Dodging        | 2 3 4 |  4.3
Unarmed Combat | 4 5 6 7 |  7.7
Transmutations | 2 3 |  3.4
Spellcasting   | 2 |  2.8
Stealth        | 1 |  1.3
Armour         | |  0.2

Action                   |  1- 3 |  4- 6 |  7- 9 || total
-------------------------+-------+-------+-------++-------
Melee: Unarmed           |    61 |  1433 |    99 ||  1593
       Kick              |     4 |    69 |       ||    73
       Headbutt          |     3 |    43 |       ||    46
       Punch             |     1 |    52 |     6 ||    59
 Cast: Beastly Appendage |    10 |    24 |     1 ||    35
       Wereblood         |       |       |     6 ||     6
  Use: Scroll            |       |     6 |     3 ||     9
Armor: Robe              |    26 |    27 |     3 ||    56
       Quicksilver drago |       |       |    46 ||    46
Dodge: Dodged            |    24 |    40 |    51 ||   115
